[Event "SixDays Budapest January-IMB 2023"]
[Site "Budapest"]
[Date "2023.01.27"]
[Round "7.2"]
[White "Gatineau, Yovann"]
[Black "Urhegyi, Marton"]
[Result "1-0"]
[ECO "A45"]
[WhiteElo "2354"]
[BlackElo "2253"]
[Annotator "TA"]
[PlyCount "129"]
[EventDate "2023.01.23"]
[EventType "tourn"]
[EventCountry "HUN"]
[SourceTitle "playchess.com"]
[Source "ChessBase"]
[SourceQuality "1"]
[TimeControl "5400+30"]

1. d4 Nf6 2. Bf4 d5 3. e3 c5 4. Nc3 Bg4 5. f3 Bd7 6. Nb5 {[%emt 0:00:30] D00: 1 d4 d5: Unusual lines.} Bxb5 7. Bxb5+ Nc6 8. c3 {[%emt 0:00:08] The position is equal.} (8. dxc5 $2 Qa5+ 9. c3 Qxb5 $19) 8... cxd4 9. exd4 e6 10. Ne2 Rc8 11. O-O {[%emt 0:05:23] [#]} Bd6 $146 ({Predecessor:} 11... Be7 12. Bd3 O-O 13. Kh1 Na5 14. g4 Nc4 15. Qc2 g6 16. b3 Nd6 17. h4 a6 {0-1 Kjartansson,D (2316)-Yuan,Q (2373) Titled Tuesday intern op 28th Jun Early blitz 2022 (6)}) 12. Re1 Bxf4 13. Nxf4 Qb6 14. Qe2 O-O 15. Kh1 Na5 16. Rac1 Nc4 17. Bxc4 Rxc4 18. Nd3 Rc7 19. Rc2 Qd6 20. Qe3 a5 21. a3 Nd7 22. Rce2 b5 23. Qg5 Nb8 24. f4 h6 25. Qh4 Nd7 26. g4 b4 $1 27. axb4 axb4 28. g5 bxc3 29. gxh6 (29. bxc3 $14 Rxc3 30. gxh6) 29... g6 $11 30. Ne5 Kh7 $1 (30... c2 $2 31. Nxd7 f6 32. Nxf8 Qxf8 33. Rc1 $18 (33. Rxe6 c1=Q $16)) 31. bxc3 {[%emt 0:00:45] And now Nf3 would win.} Nxe5 32. Qf6 Rg8 {[%emt 0:00:10] Prevents Qg7+.} 33. fxe5 Qe7 {[%emt 0:00:35] ...Qxf6 is the strong threat.} 34. Qf4 g5 35. Qg4 Rxc3 36. Rf1 Qc7 (36... Kxh6 $2 37. Ref2 Rg6 38. Rxf7 $18) 37. Ref2 Rc1 38. Qg1 Rxf1 39. Qxf1 {[%emt 0:00:01][%mdl 4096] Endgame KQR-KQR} (39. Rxf1 {simplifies} Rg6 40. Qf2 Rxh6 41. Qxf7+ Qxf7 42. Rxf7+ Kg8 43. Rf2) 39... Rf8 40. Rf6 Qc2 41. Rxf7+ Rxf7 42. Qxf7+ Kxh6 {[%emt 0:00:15] White must now prevent ...Qe4+.} 43. Qxe6+ {[%emt 0:00:09] KQ-KQ} Kh5 (43... Kg7 $1 $14) 44. Qh3+ $1 $16 ({Inferior is} 44. Qxd5 Qd1+ 45. Kg2 Qd2+ 46. Kg3 Qf4+ 47. Kg2 Qd2+ 48. Kh3 Qf4 $11) 44... Kg6 {[%emt 0:00:08] Strongly threatening ...Qe4+.} 45. Qe3 Qd1+ 46. Kg2 Qg4+ 47. Kf2 Qh4+ {[%emt 0:00:37] [#]} 48. Kg1 $1 Qg4+ 49. Kf1 Qf5+ {[%emt 0:00:59] [#]} 50. Ke1 $1 Qb1+ $2 (50... Qc8 51. Kf2 Qh8) 51. Kf2 $18 Qf5+ (51... Qb8 $142 52. Qd3+ Kg7) 52. Kg3 {[%emt 0:00:18] Intending e6 and mate.} Qe6 53. Qa3 Kh5 (53... Qf5 $142 54. Qe3 Qc2) 54. Qf3+ Kg6 55. Qf8 {[%emt 0:00:30] White threatens Qd6 and mate.} Kh5 56. h3 Qc6 57. Qf7+ {White mates.} Kh6 58. Kg4 Qc3 59. Qh5+ {[%emt 0:00:19][%mdl 64] Deflection} Kg7 60. Qxg5+ ({Not} 60. Kxg5 Qd2+ 61. Kh4 Qf2+ 62. Kg4 (62. Kg5 Qd2+ 63. Kg4 Qe2+ 64. Kh4 Qf2+ 65. Kg4 Qe2+ 66. Kh4 Qf2+ $11) 62... Qe2+ 63. Kh4 Qf2+ 64. Kg4 (64. Kg5 Qd2+ 65. Kg4 Qe2+ 66. Kh4 Qf2+ $11) 64... Qg2+ 65. Kf4 Qh2+ 66. Kg5 Qd2+ 67. Kh4 Qf2+ $11) 60... Kh7 61. Qe7+ Kh8 62. Qd8+ Kh7 63. Qxd5 Qe3 64. Qf7+ Kh8 65. Qh5+ {[%emt 0:00:04] Weighted Error Value: White=0.08 (flawless) /Black=0.19 (very precise)} 1-0

[Event "SixDays Budapest January-IMB 2023"]
[Site "Budapest"]
[Date "2023.01.27"]
[Round "7.3"]
[White "Apol, Luitjen Akselsson"]
[Black "Semprun Martinez, Fernando"]
[Result "1-0"]
[ECO "B33"]
[WhiteElo "2215"]
[BlackElo "2106"]
[Annotator "TA"]
[PlyCount "67"]
[EventDate "2023.01.23"]
[EventType "tourn"]
[EventCountry "HUN"]
[SourceTitle "playchess.com"]
[Source "ChessBase"]
[SourceQuality "1"]
[TimeControl "5400+30"]

1. e4 c5 2. Nf3 Nc6 3. d4 cxd4 4. Nxd4 Nf6 5. Nc3 e5 6. Ndb5 d6 7. Bg5 a6 8. Na3 b5 9. Nd5 Be7 10. Bxf6 Bxf6 11. c4 b4 {[%emt 0:00:04] B33: Sicilian: Pelikan and Sveshnikov Variations.} 12. Nc2 O-O 13. g3 a5 {[%emt 0:00:04] The position is equal.} 14. Bg2 Be6 {[%emt 0:12:11] 14...g6 is the modern continuation.} 15. O-O Bg5 {[%emt 0:03:57] 15...Bxd5 is vanishing.} (15... Bxd5 {simplifies} 16. cxd5 Nb8 17. Ne1 Na6) 16. Qd3 Rc8 17. b3 g6 {[%emt 0:06:16] [#]} 18. f4 $146 ({Predecessor:} 18. Rad1 f5 19. Qe2 Ne7 20. exf5 gxf5 21. f4 Bxd5 22. Bxd5+ Nxd5 23. Rxd5 {1-0 Movsesian,J (2297)-Novikova,A (2287) RUS Cup tt Miass 2007 (4)}) 18... exf4 19. gxf4 Bh6 20. Kh1 f5 21. Rae1 (21. Nce3 $5 ) 21... Bg7 22. Nce3 {[%emt 0:03:25] A dynamic duo of knights.} Nd4 (22... fxe4 $1 $14 23. Bxe4 Kh8) 23. exf5 $16 Bxf5 (23... Nxf5 $16 {was necessary.} 24. Nxf5 Bxf5) 24. Nxf5 Nxf5 25. Bh3 {[%emt 0:03:12] [#] Black must now prevent Bxf5.} Rf7 26. Bxf5 gxf5 27. Rg1 {[%emt 0:00:17] White has more active pieces.} Qh4 (27... Kh8 $16 28. Rg2 Rb8) 28. Re3 ({Don't do} 28. Re6 $6 Kh8 29. Rxd6 Re8 $18) (28. Qe3 $18 {Threatens to win with Ne7+.} Kh8 29. Rg5 (29. Qe6 Rcf8 $16)) 28... Kf8 {[%emt 0:03:48][%mdl 8192] [#] Wards off Ne7. Black cannot hold the game after this.} (28... Kh8 $16 29. h3 Rcf8) 29. Rxg7 $1 $18 Kxg7 30. Rg3+ Kf8 31. Qd4 Ke8 32. Re3+ {[%emt 0:00:12] White mates.} Kd8 33. Qb6+ Rcc7 34. Qb8+ {[%emt 0:00:12] An entertaining game by Apol.   Weighted Error Value: White=0.20 (precise) /Black=0.45} 1-0

[Event "SixDays Budapest January-IMB 2023"]
[Site "Budapest"]
[Date "2023.01.27"]
[Round "7.5"]
[White "Papp, Levente"]
[Black "Jakab, Attila"]
[Result "0-1"]
[ECO "A13"]
[WhiteElo "2391"]
[BlackElo "2308"]
[Annotator "TA"]
[PlyCount "122"]
[EventDate "2023.01.23"]
[EventType "tourn"]
[EventCountry "HUN"]
[SourceTitle "playchess.com"]
[Source "ChessBase"]
[SourceQuality "1"]
[TimeControl "5400+30"]

1. c4 e6 2. Nf3 Nf6 3. g3 b6 4. Bg2 Bb7 5. O-O Be7 6. d4 O-O 7. d5 Na6 8. Nc3 Nc5 {[%emt 0:00:09] E17: Queen's Indian: 4 g3 Bb7 5 Bg2 Be7.} (8... Bb4 $11) 9. Nd4 $16 a5 10. f4 (10. e4 $1 $16) 10... exd5 $11 {[%emt 0:05:51] The position is equal.} 11. cxd5 {[%emt 0:01:08] [#]} Re8 $146 ({Predecessor:} 11... d6 12. e4 Ba6 13. Re1 Nfd7 14. Nc6 Qe8 15. e5 dxe5 16. fxe5 Nd3 17. Nxe7+ Qxe7 {0-1 Savurko,A (2138)-Borosova,Z (2222) Wch U18 Girls 2005 (7)}) 12. Re1 {[%emt 0:16:04] [#]} b5 $1 13. Ndxb5 Nce4 14. e3 Bc5 (14... Nxc3 $14 15. Nxc3 Bc5) 15. Nxe4 $1 $16 Nxe4 16. Nc3 ({White should play} 16. Qc2 $16 Bb4 17. Rd1) 16... Nxc3 $11 17. bxc3 Qf6 18. Rb1 Ba6 {[%emt 0:01:59][%cal Bb7a6,Ba6c4,Bc4a2][%mdl 1056] Black has compensation.} 19. Qc2 Bc4 $1 20. Kh1 Qa6 21. Qa4 h5 22. Ba3 Bxe3 23. Qxd7 Bxa2 (23... Bd3 {simplifies} 24. Ra1 Qc4 25. Qc6 Qxc6 26. dxc6 Bc4) 24. Rb2 Rad8 (24... Qc4 $11) 25. Rxe3 $16 (25. Qxc7 $2 {loses.} Bxf4 $19) 25... Rxd7 26. Rxe8+ {[%emt 0:00:06] Black is weak on the dark squares} Kh7 27. Rxa2 {[%emt 0:00:21] Threatens to win with Rf2.} Rxd5 {[%emt 0:02:14][%mdl 64] ( -> ...Rd1+). Deflection, Back Rank} 28. h4 ({Don't go for} 28. Be4+ $2 f5 29. Kg2 (29. Bxd5 $2 Qf1#) (29. Rh8+ $2 Kxh8 30. Kg2 fxe4 $19) 29... fxe4 30. Rxe4 Rd3 $19) 28... Rd1+ (28... Qb5 $16 29. Rae2 Rd2 30. Rxd2 Qxe8) 29. Kh2 $18 Qc4 {[%emt 0:01:04] [#]} 30. Rae2 Ra1 31. R8e4 Qb3 32. Bc5 {[%emt 0:00:51] aiming for Re5.} a4 $2 (32... Ra2 33. Rxa2 Qxa2) 33. Re5 Kh6 (33... Ra2 34. Rxh5+ Kg6 35. Rg5+ Kh7 36. Rxa2 Qxa2) 34. Re8 $2 (34. Bd5 $18 {has better winning chances.}) 34... Ra2 $16 35. Rxa2 Qxa2 36. f5 Kh7 {[%emt 0:00:15] [#] Repels Rh8+} 37. f6 gxf6 $11 38. Bd4 Qb2 39. Bxf6 a3 {[%emt 0:00:28] ...a2 is the strong threat.} 40. Kh3 {[%emt 0:00:30] White threatens Be4+ and mate.} Kg6 41. Bd4 {[%emt 0:00:29] Hoping for Rg8+.} a2 42. Rg8+ Kf5 43. Rg5+ Ke6 {[%emt 0:00:06] Chess con chili.} 44. Re5+ Kd7 45. Rd5+ Kc8 46. c4 Qxd4 47. Rxd4 a1=Q {[%emt 0:00:11][%mdl 4096] Endgame KQ-KRB} (47... a1=B $2 48. Rd5 $18) 48. Rd5 Qf6 49. Kh2 Qg6 50. Rg5 Qh7 51. c5 Kd7 52. Rd5+ Ke6 53. c6 Qh8 54. Rd7 Qe5 55. Bd5+ $2 (55. Rd8 $15 Qa5 56. Rg8) 55... Qxd5 $1 $19 56. Rxd5 Kxd5 57. Kg2 Kxc6 {[%emt 0:00:31] K3P-KPP} 58. g4 Kd7 (58... hxg4 $2 59. h5 $18) 59. gxh5 Ke8 {[%emt 0:00:03] Black mates.} 60. Kf3 Kf8 61. Ke4 Kg7 {[%emt 0:00:15] Never resign too early! Ingenious play by Jakab!   Weighted Error Value: White=0.34/Black=0.20 (precise)} 0-1

[Event "SixDays Budapest January-IMB 2023"]
[Site "Budapest"]
[Date "2023.01.27"]
[Round "8.1"]
[White "Daroczi, Donat"]
[Black "Jakab, Attila"]
[Result "0-1"]
[ECO "B03"]
[WhiteElo "2148"]
[BlackElo "2308"]
[Annotator "TA"]
[PlyCount "76"]
[EventDate "2023.01.23"]
[EventType "tourn"]
[EventCountry "HUN"]
[SourceTitle "playchess.com"]
[Source "ChessBase"]
[SourceQuality "1"]
[TimeControl "5400+30"]

1. e4 Nf6 2. e5 Nd5 3. d4 d6 4. c4 Nb6 5. exd6 cxd6 6. Nc3 g6 7. Be3 Bg7 8. Rc1 O-O 9. b3 e5 10. dxe5 dxe5 11. Qxd8 Rxd8 12. c5 N6d7 13. Bc4 Nc6 14. Nf3 h6 {[%emt 0:00:11] Inhibits Ng5. B03: Alekhine's Defence: Four Pawns Attack.} 15. Ne4 Nd4 {[%emt 0:03:07] [#]} (15... Na5 $11 {and Black is okay.}) 16. Nd6 $1 $18 {[%emt 0:05:38] [#]} Kh7 $146 {[%emt 0:09:20] White is clearly better.} ({Predecessor:} 16... Nxc5 17. Nxf7 Nd3+ 18. Kd2 Be6 19. Nxd8 Nxf3+ 20. gxf3 Bxc4 21. Rxc4 Rxd8 22. Ke2 b5 {1-0 Li,C (2622)-Garma,C (2347) WMSG Rapid Team 1st 2008 (6)}) 17. Nxf7 (17. Bxf7 Nxc5 18. Rxc5 Nxf3+ 19. gxf3 Rxd6 $11) 17... Rf8 18. h4 Nxf3+ 19. gxf3 Nf6 20. Nxe5 Nh5 {[%emt 0:01:16] [#]} 21. Nf7 Bd7 22. Nd6 Bc6 23. Rg1 Nf4 24. Rg4 Nd5 25. Bd3 Nxe3 26. Bxg6+ Kh8 27. fxe3 Rxf3 28. Ke2 Raf8 {[%emt 0:00:22] Dodges Bf5} 29. Rcg1 (29. Be4 $142) 29... Rf2+ 30. Kd3 {[%emt 0:00:14] aiming for Be4.} Bf3 {[%emt 0:00:24] Prevents Be4} 31. Nf7+ $2 {[%emt 0:12:12][%mdl 8192] [#]} (31. Rf4 $16) 31... Rxf7 $17 {[%emt 0:01:08][%mdl 512] Black is more active.} 32. Bxf7 Bxg4 {[%emt 0:00:12][%mdl 64] Discovered Attack. This pair of bishops is nice.} 33. Bd5 $2 (33. Rxg4 $17 Rxf7 34. Rg6) 33... Be2+ $19 34. Kd2 Bf3+ 35. Ke1 Re2+ (35... Rxa2 36. Bxf3 Bc3+ 37. Kf1 $11) 36. Kf1 Rxe3 ({Inferior is} 36... Bxd5 37. Kxe2 Bf8 38. Rf1 $15) 37. Kf2 $2 {[%emt 0:00:29] [#]} (37. Rg3 {was necessary.} Be2+ {[%mdl 64] Discovered Attack} 38. Kf2) 37... Bd4 $1 {[%emt 0:01:14] ( -> ...Rd3+)} 38. Bxf3 Rc3+ {[%emt 0:00:04][%mdl 64] Discovered Attack.   Weighted Error Value: White=0.56/Black=0.25 (precise)} ({Weaker is} 38... Bxc5 39. Rd1 $15) 0-1

[Event "SixDays Budapest January-IMB 2023"]
[Site "Budapest"]
[Date "2023.01.27"]
[Round "8.2"]
[White "Farkas, Gabor"]
[Black "Papp, Levente"]
[Result "1-0"]
[ECO "D30"]
[WhiteElo "2321"]
[BlackElo "2391"]
[Annotator "TA"]
[PlyCount "77"]
[EventDate "2023.01.23"]
[EventType "tourn"]
[EventCountry "HUN"]
[SourceTitle "playchess.com"]
[Source "ChessBase"]
[SourceQuality "1"]
[TimeControl "5400+30"]

1. d4 e6 2. Nf3 Nf6 3. c4 d5 4. Bg5 h6 5. Bh4 Bb4+ 6. Nc3 g5 7. Bg3 Ne4 {[%emt 0:00:29] D38: Queen's Gambit Declined: Ragozin Defence (4 Nf3 Bb4).} 8. Qc2 h5 9. Nd2 {[%emt 0:05:05] [#]} (9. h3 $11 {remains equal.}) 9... Bxc3 $146 (9... Nxd2 $17 10. Kxd2 (10. Qxd2 $2 h4 $19) 10... Nc6) ({Predecessor:} 9... h4 10. Ndxe4 dxe4 11. Be5 Bxc3+ 12. bxc3 f6 13. Qxe4 fxe5 14. Qg6+ Kf8 15. Rd1 Nd7 {0-1 Aulin Jansson,J (2204)-Mansoor,A (1990) NOR-chT Elite 2223 2022 (2.46)}) 10. bxc3 $11 Nxd2 11. Kxd2 dxc4 (11... h4 $5 12. Be5 Rh6 $11) 12. h4 c5 13. e3 Nc6 {[%emt 0:07:16][%cal Rc5d4] Wards off Be5} 14. Bxc4 Qa5 (14... Bd7 $142) 15. d5 (15. Qe4 $16) 15... exd5 $14 16. Bxd5 Ne7 17. Be4 {[%emt 0:03:14] White is more active. This pair of bishops is nice.} (17. Bc4 {looks sharper.} Bf5 18. e4 Rd8+ 19. Ke2) 17... f5 18. Bd3 $36 {[%emt 0:02:05][%mdl 2048] White has the initiative.} Be6 {[%emt 0:04:34] [#] Threatens to win with ...0-0-0.} 19. Ke1 (19. hxg5 $16 {Hoping for Be5.} Rd8 20. Ke1) 19... O-O-O (19... g4 $11) 20. hxg5 $16 h4 21. Rxh4 (21. Bxh4 $6 c4 22. Be2 f4 $15) 21... Rxh4 22. Bxh4 c4 23. Be2 Ng6 $2 {[%emt 0:00:37] Black cannot hold the game after this.} (23... f4 $16 {was called for.}) 24. Bg3 $18 f4 (24... Ne5 $142 25. Kf1 Rd7) 25. Bxf4 (25. Qxg6 Qxc3+ 26. Kf1 Qxa1+) (25. exf4 Bf5 26. Qb2 Rh8 $18) 25... Bf5 26. Qb2 Nxf4 27. exf4 Bd3 {[%emt 0:00:48] And now ...Re8 would win.} 28. Kf1 {[%emt 0:05:19] aiming for Kg1.} Bxe2+ $2 (28... Qf5 29. Qd2 Rh8) 29. Qxe2 ({Inferior is} 29. Kxe2 Qf5 30. f3 (30. Kf1 Rh8 $11) 30... Qxf4 $11) 29... Qxc3 {[%emt 0:00:07][%mdl 4096] Endgame KQR-KQR} 30. Re1 Qd4 31. Qe3 {[%emt 0:02:37] Strongly threatening Qxd4.} Qxe3 32. Rxe3 {[%emt 0:00:32] f5 would be deadly. KR-KR} b5 (32... Rg8 $142 33. Re7 Rg6) 33. f5 Rd7 34. f6 {[%emt 0:00:36] White wants to mate with g6.} b4 35. g6 {[%emt 0:00:54] White mates.} c3 36. f7 Rd8 37. Re8 c2 38. Rxd8+ (38. f8=R $2 {is the wrong capture.} c1=Q+ 39. Re1 Qc4+ 40. Kg1 Rxf8 $19) 38... Kb7 {[%emt 0:00:04] [#]} 39. Rc8 $3 {[%emt 0:00:05] Weighted Error Value: White=0.36/Black=0.45} 1-0

[Event "SixDays Budapest January-IMB 2023"]
[Site "Budapest"]
[Date "2023.01.27"]
[Round "8.3"]
[White "Semprun Martinez, Fernando"]
[Black "To, Nhat Minh"]
[Result "1/2-1/2"]
[ECO "D79"]
[WhiteElo "2106"]
[BlackElo "2335"]
[Annotator "TA"]
[PlyCount "163"]
[EventDate "2023.01.23"]
[EventType "tourn"]
[EventCountry "HUN"]
[SourceTitle "playchess.com"]
[Source "ChessBase"]
[SourceQuality "1"]
[TimeControl "5400+30"]

1. Nf3 d5 2. g3 g6 3. d4 Nf6 4. Bg2 Bg7 5. O-O O-O 6. c4 c6 7. cxd5 cxd5 8. Ne5 Ng4 9. Nxg4 {[%emt 0:00:39] 9.Bf4 gains popularity.} Bxg4 10. Nc3 {[%emt 0:00:33] D79: Fianchetto Grünfeld: Symmetrical Variation (6 0-0 c6 7 cxd5 cxd5).} Nc6 11. Bxd5 Nxd4 12. Bxb7 (12. Be3 $11 e5 13. f3) 12... Rb8 $15 13. Bg2 Nxe2+ {[%emt 0:01:57][%mdl 64] [#] Discovered Attack, Deflection} 14. Nxe2 Qxd1 {[%emt 0:00:06][%mdl 64] Remove Defender} (14... Bxb2 $2 15. Bxb2 Qxd1 16. Rfxd1 $18 (16. Raxd1 Bxe2 17. Ba3 Bxd1 $18)) 15. Rxd1 {[%emt 0:00:07] And now Rd2 would win.} Bxe2 {[%emt 0:00:03] [#]} 16. Re1 $146 (16. Rd7 $11 {keeps the balance.}) ({Predecessor:} 16. Rd7 Rfd8 17. Rxd8+ Rxd8 18. Be3 Bxb2 19. Re1 Bc4 20. Bxa7 Bxa2 21. Bb6 Rb8 22. Bc7 {½-½ Aggelis,N (2281)-Goncalves,D (2282) Titled Tuesday intern op 28th Jun Late blitz 2022 (7)}) 16... Bxb2 $17 17. Rb1 Bxc1 {[%emt 0:00:57][%mdl 64] Remove Defender} 18. Rbxc1 Rb2 19. Rc7 Rxa2 20. Bd5 $1 Rd2 21. Rxe7 Rxd5 22. R1xe2 $15 {[%emt 0:00:00][%mdl 4096] Endgame KRR-KRR} Ra8 23. Rb7 a5 24. Ree7 Rf5 25. h4 h5 26. Ra7 Rxa7 27. Rxa7 {[%emt 0:00:01] KR-KR} Kg7 28. Kg2 Rc5 29. f3 Kf6 30. g4 hxg4 31. fxg4 Rc4 32. Ra6+ Kg7 33. Kg3 a4 34. Kf3 Rc3+ 35. Kf4 Ra3 36. g5 Ra1 37. Kg3 a3 38. Ra7 a2 39. Kg2 {[%emt 0:00:01] Dodges Rg1+} Kf8 (39... Kg8 $5 40. Ra8+ $8 Kh7 $11) 40. Kh2 Ke8 (40... Kg8 $5 41. Ra8+ $8 Kg7 $11) 41. Kg2 Kd8 42. Kh2 Kc8 43. Kg2 Kb8 44. Ra4 Kc7 45. Ra8 Kb6 46. Ra3 Kc5 47. Ra7 $1 Kd4 48. Rd7+ Ke5 49. Re7+ $1 Kd6 50. Ra7 Ke6 51. Kh2 Kd5 52. Kg2 Kc4 53. Rc7+ Kb5 54. Ra7 $1 Kb6 55. Ra3 Kb7 56. Rb3+ Kc7 57. Ra3 Kd6 58. Ra6+ Ke5 59. Ra7 Ke4 (59... f5 $5 60. h5 $8 gxh5 $11) 60. Re7+ Kd3 61. Rd7+ $1 Ke2 62. Re7+ $1 Kd2 63. Rd7+ Ke3 64. Re7+ $1 Kf4 65. Rxf7+ Kg4 66. Ra7 Kxh4 67. Ra8 $2 {[%emt 0:00:01][%mdl 8192] [#]} (67. Ra4+ $11 {and White is okay.} Kxg5 68. Ra8) 67... Kxg5 $2 (67... Kg4 $1 $19 68. Ra5 Kh4) 68. Ra7 Kf5 69. Ra8 Ke5 70. Ra5+ Kd6 71. Ra6+ Kc5 72. Ra8 Kb4 73. Rb8+ Ka5 74. Ra8+ Kb6 75. Ra3 g5 76. Ra8 Kb7 77. Ra3 Kc6 78. Ra8 Kd5 79. Ra5+ Ke4 80. Ra8 Kd3 81. Rd8+ (81. Ra3+ $11 Kd4 82. Ra8) 81... Ke3 (81... Kc4 $17 {( -> ...Rb1)} 82. Ra8 Kd3 83. Rd8+ Ke4) 82. Ra8 {[%emt 0:01:27][%mdl 32768] Weighted Error Value: White=0.06 (flawless) /Black=0.03 (flawless) . An unexpected result.} 1/2-1/2

[Event "SixDays Budapest January-IMB 2023"]
[Site "Budapest"]
[Date "2023.01.27"]
[Round "8.4"]
[White "Urhegyi, Marton"]
[Black "Apol, Luitjen Akselsson"]
[Result "1-0"]
[ECO "B94"]
[WhiteElo "2253"]
[BlackElo "2215"]
[Annotator "TA"]
[PlyCount "127"]
[EventDate "2023.01.23"]
[EventType "tourn"]
[EventCountry "HUN"]
[SourceTitle "playchess.com"]
[Source "ChessBase"]
[SourceQuality "1"]
[TimeControl "5400+30"]

1. e4 c5 2. Nf3 d6 3. d4 cxd4 4. Nxd4 Nf6 5. Nc3 a6 6. Bg5 Nbd7 7. Bc4 Qa5 8. Qd2 e6 9. O-O-O Be7 {[%emt 0:00:23] B94: Sicilian Najdorf: 6 Bg5 Nbd7.} 10. Rhe1 h6 11. Bxf6 Nxf6 {[%emt 0:00:42] White is better.} 12. f4 (12. Kb1 {is interesting.} O-O 13. f4 e5 14. Nf5) 12... Qc7 13. Bb3 {[%emt 0:02:45][%cal Og2g4] White is more active.} O-O 14. g4 {[%emt 0:04:03] [#]} Nd7 $146 (14... Nxg4 $2 15. Rg1 $18) (14... b5 $142) ({Predecessor:} 14... Nxg4 15. Qg2 e5 16. Nf5 Bxf5 17. exf5 h5 18. Rg1 Bf6 19. h3 Ne3 20. Qg6 {1-0 Mateo Lopez,R-Roca,R ESP corr Spain 1986}) 15. Kb1 Nc5 16. g5 (16. h4 $1 $16) 16... hxg5 17. fxg5 b5 18. Qg2 b4 19. Nce2 Bb7 $2 (19... Nxb3 $11 20. cxb3 g6) 20. Ng3 $2 (20. g6 $18 Bxe4 21. Nxe6 (21. gxf7+ Rxf7 22. Qg4 Qc8 $11) 21... Bxg2 22. Nxc7 Nxb3 23. Nxa8 (23. axb3 Ra7 $11) (23. cxb3 Be4+ 24. Ka1 Ra7 $15)) 20... g6 $2 ({Black should play} 20... Nxb3 $1 $14 21. cxb3 Qc5) 21. h4 $18 Nxb3 22. cxb3 (22. axb3 $18 {and White stays clearly on top. Black must now prevent Rh1.} a5 23. h5) 22... Qc5 $16 23. h5 {[%emt 0:01:30] And now Qh3 would win.} Qe5 (23... Bxg5 24. Qh3 Bf6 25. hxg6 fxg6 26. Qxe6+ (26. Rh1 Rf7 $15) 26... Rf7 27. Ngf5 (27. Rf1 Qe5 $11) 27... gxf5 28. Nxf5 $18) ({Better is} 23... Qxg5 24. hxg6 Qxg6) 24. Qh3 Kg7 $2 {[%emt 0:02:15][%mdl 8192] [#]} (24... gxh5 $2 25. Nxh5 Rfc8 26. Ka1 $18) (24... Rac8 $16 {is more resistant.} 25. hxg6 fxg6) 25. Ndf5+ $2 gxf5 $15 26. exf5 {[%emt 0:00:12][%mdl 64] Discovered Attack} Qf4 27. f6+ {[%emt 0:02:15] [#]} (27. fxe6 $2 Qxg5 28. Nf5+ Kh8 29. Nxe7 Qxe7 $19) 27... Bxf6 $1 28. gxf6+ Qxf6 ({Black should try} 28... Kh7 $15) 29. Qg4+ $14 (29. Rxd6 Kh8 $11) 29... Kh8 {[%emt 0:01:17] Hoping for ...Bf3.} 30. Qxb4 (30. Rxd6 a5 31. Rd2 Rg8 $15) 30... Bd5 31. Rf1 (31. Ne4 $14 Qf5 32. Ka1 Bxe4 33. Rxe4) 31... Qe5 $11 {[%emt 0:01:00] [#]} 32. Qd2 $1 Kh7 {[%emt 0:03:46] Inhibits Qh6+.} (32... Qxg3 33. Qh6+ Kg8 34. Rg1 $16) 33. Qd3+ f5 $1 34. Ka1 a5 {[%emt 0:02:46] [#]} (34... Be4 $1 $11 35. Qxd6 Qxd6 36. Rxd6 Bd5) 35. Rfe1 (35. Nxf5 Be4 36. Qxd6 Rxf5 37. Qd7+ Kh6 38. Rxf5 Qxf5 39. Qd2+ Qg5 $17) (35. Rde1 $1 $16 Be4 36. Nxe4 fxe4 37. Rxe4 Rxf1+ 38. Re1+ Qf5 39. Qxf1) 35... Qf6 36. Ne2 $36 {[%emt 0:00:22][%mdl 2048] White is pushing.} a4 37. bxa4 Rxa4 38. Nc3 Ra5 {[%emt 0:00:33][%cal Od5a2] Strongly threatening ...Bxa2!} (38... Rxa2+ $5 39. Nxa2 Ra8 $11) 39. Rg1 $2 {[%emt 0:00:31] [#]} (39. a3 $11 {and White has nothing to worry.}) 39... Rb8 $2 (39... Bxa2 $1 $19 40. Qxd6 (40. Nxa2 $2 {is the wrong capture.} Rfa8 $19) 40... Bb3+ 41. Kb1 Rfa8 42. Qc7+ Kh8 43. Rd8+ Rxd8 44. Qxa5 Qd4) 40. a3 {[%emt 0:00:30] Rg6 is the strong threat.} (40. Qd4 $5 Qxd4 41. Rxd4 $14) 40... Rb3 41. Qg3 {[%emt 0:00:31] Dancing on a razor blade.} (41. Rg3 $5) 41... Rb8 {[%emt 0:00:46][%mdl 8192] Repels Qg8+. White now steadily converts the win.} (41... Raxa3+ $11 42. bxa3 Qxc3+ 43. Qxc3 Rxc3) 42. Qxd6 $18 Rxa3+ 43. Qxa3 Ra8 {[%emt 0:00:28] [#]} 44. Qxa8 $1 Bxa8 45. Rd7+ Kh8 46. Rg6 {[%emt 0:00:44][%mdl 64] Skewer} Qf8 47. Rxe6 (47. h6 $142 Bc6 48. Ra7) 47... Bf3 48. h6 {[%emt 0:00:55] Threatening mate with Ree7.} Bh5 49. Ree7 {[%emt 0:00:20] White wants to mate with Nd5.} Qa8+ 50. Ra7 Qh1+ 51. Ka2 Bg6 52. Rab7 Qh2 53. Rec7 Qe5 54. Rc8+ Be8 55. Rbb8 Kh7 56. Rxe8 Qa5+ 57. Kb1 Kxh6 58. Rb5 Qa6 59. Ree5 ({Weaker is} 59. Rxf5 Qd3+ 60. Kc1 Qxf5 $11) 59... f4 60. Rh5+ (60. Ne4 $142 Qg6 61. Kc2 Qg2+ 62. Kc3 Qg6 63. Rbd5 Qf7 64. Rf5 Qc7+ 65. Rc5) 60... Kg6 61. Ne4 {[%emt 0:00:56] White mates.} Qa4 62. Rhg5+ Kf7 63. Rbf5+ Ke7 64. Rg7+ {[%emt 0:00:19] An entertaining game by Urhegyi.   Weighted Error Value: White=0.43/Black=0.60} ({Not} 64. Rxf4 Qd1+ 65. Ka2 Qa4+ 66. Kb1 Qd1+ 67. Ka2 Qa4+ 68. Kb1 $11) 1-0